[Event "15th Paleochora Open 2022"]
[Site "Paleochora"]
[Date "2022.07.22"]
[Round "7.17"]
[White "Sotirakis, Konstantinos"]
[Black "Naoum, Spyridon"]
[Result "1-0"]
[ECO "B26"]
[WhiteElo "1892"]
[BlackElo "2346"]
[Annotator "TA"]
[PlyCount "107"]
[EventDate "2022.07.17"]
[EventType "swiss"]
[EventCountry "GRE"]
[SourceTitle "playchess.com"]
[Source "ChessBase"]
[SourceQuality "1"]
[TimeControl "40/5400+30:900+30"]

1. e4 c5 2. Nc3 g6 3. g3 Bg7 4. Bg2 Nc6 5. d3 d6 6. Be3 Rb8 7. Qd2 b5 8. Nge2 b4 {The main line 8...b4 scores better than 8...Nd4.} 9. Nd1 Nd4 10. O-O h5 {B26: Closed Sicilian: 3 g3, lines with early Be3.} 11. h3 e6 12. Nc1 Ne7 {The position is equal.} 13. c3 Ndc6 14. Ne2 a5 15. d4 cxd4 16. cxd4 {[#]} d5 $146 ({Predecessor:} 16... Ba6 17. Re1 O-O 18. f4 d5 19. e5 f6 20. Rc1 fxe5 21. dxe5 Rf7 22. Nf2 Rc8 23. Nd3 Bxd3 24. Qxd3 Nf5 {½-½ (75) Gouvart,S (1975)-Pais,B (1697) Figueira da Foz 2010}) 17. e5 (17. exd5 $11 Nxd5 18. Bg5) 17... Ba6 18. Rc1 ({White should try} 18. f4 $15) 18... Qb6 $17 19. Re1 a4 (19... Nf5 $142 20. b3 Bxe2 21. Qxe2 Ncxd4) 20. g4 hxg4 21. hxg4 Na5 {Prevents b3. Strongly threatening ...Nec6.} 22. Bg5 Bf8 (22... Bc4 $17 23. Ne3 Bxa2) 23. Bf6 Rh7 24. Ne3 Nc4 25. Nxc4 Bxc4 26. a3 (26. Qd1 $11 {remains equal.}) 26... Qb5 (26... bxa3 $142 27. bxa3 Ng8) 27. Nf4 Bh6 ({Black should play} 27... bxa3 $17 28. bxa3 Ng8) 28. Bf1 $15 Rb7 (28... Bxf4 $5 29. Qxf4 bxa3 30. bxa3 Nc6 $15) 29. Rc2 Kd7 (29... bxa3 $11 30. bxa3 Bxf1) 30. Bxe7 $14 {The board is on fire.} Kxe7 31. g5 Bf8 32. Bxc4 dxc4 33. d5 {Threatens to win with Qd4. White is more active.} Ke8 34. d6 c3 35. Qd3 {Hoping for axb4.} Rh4 $2 ({Don't play} 35... Qc6 36. Ng2 Qb5 37. Qf3 $16) (35... Bg7 $1 $11 36. Qe3 cxb2 37. Rxb2 (37. Rc8+ Kd7 $11) 37... b3) 36. Qxb5+ $2 (36. Qg3 $18 Rh8 37. axb4 cxb2 38. Qf3) 36... Rxb5 $11 37. Ng2 Rc4 (37... cxb2 $11 38. Rxb2 (38. Nxh4 $2 {loses.} bxa3 39. Rd1 Rd5 $19) 38... Rd4) 38. axb4 $18 Rbxb4 (38... Rcxb4 $142 39. Rxc3 Bg7) 39. Rxc3 Rxc3 40. bxc3 {[%mdl 4096] Endgame KRB-KRN} Rb3 41. Ra1 ({White must play} 41. Re4 $1 $18 ) 41... a3 $16 {[#]} 42. c4 $1 Kd7 43. Kf1 Kc6 {[#]} (43... Rc3 $16 {might work better.} 44. f4 Bg7) 44. Ne3 ({White has to play} 44. Ne1 $1 $18) 44... Bg7 $14 45. Ng4 {Ke2 is the strong threat.} Rc3 46. Nf6 Rf3 $2 (46... Rb3 $11 {and Black stays safe.}) 47. Kg2 (47. Ke2 $18 Rc3 48. f4 (48. Kd2 Bxf6 49. gxf6 Rf3 $14)) 47... Rf5 (47... Rd3 $16) 48. f4 $1 $18 Bxf6 49. gxf6 Rxf4 50. Rxa3 Rxc4 {KR-KR} 51. Ra7 {Rc7+ would kill now.} Rd4 52. Rxf7 Kd5 53. Re7 {White threatens f7 and mate.} Kxe5 54. f7 {Weighted Error Value: White=0.42/Black=0.72} 1-0

[Event "15th Paleochora Open 2022"]
[Site "Paleochora"]
[Date "2022.07.22"]
[Round "7.18"]
[White "Godzwon, Iwo"]
[Black "Georgiadis, Anastasios"]
[Result "1-0"]
[ECO "C01"]
[WhiteElo "2336"]
[BlackElo "1701"]
[Annotator "TA"]
[PlyCount "69"]
[EventDate "2022.07.17"]
[EventType "swiss"]
[EventCountry "GRE"]
[SourceTitle "playchess.com"]
[Source "ChessBase"]
[SourceQuality "1"]
[TimeControl "40/5400+30:900+30"]

1. e4 e6 2. d4 d5 3. Bd3 dxe4 4. Bxe4 Nf6 5. Bf3 c5 6. Ne2 Be7 {C01: French: Exchange Variation.} 7. Be3 {7.Nbc3 is becoming the main line.} cxd4 8. Qxd4 O-O {The position is equal.} 9. Nbc3 {[#]} Nbd7 $146 ({Predecessor:} 9... Nc6 10. Qxd8 Rxd8 11. Nb5 Nd5 12. Bxd5 exd5 13. Nc7 Rb8 14. O-O-O Be6 15. Nf4 Rdc8 16. Ncxe6 fxe6 17. Nxe6 {1-0 (57) Pacheco Lugo,A (2127)-Golubenko,V (2209) Chess.com INT 2021}) 10. O-O-O Qa5 11. Bd2 e5 $1 12. Qh4 Qa6 (12... Nb6 $11) 13. Be4 (13. Ng3 $1 $14) 13... Re8 {[#] Threatens to win with ...Nc5.} 14. Bd3 Qe6 15. Bc4 Qc6 16. Bb5 Qc7 17. Bg5 a6 18. Bxf6 Bxf6 19. Qc4 $36 {[%mdl 2048] White fights for an advantage.} Qxc4 20. Bxc4 Nb6 21. Bb3 Be6 22. Rd6 (22. Ne4 $14) 22... Nc8 (22... Bg5+ $15 23. Kb1 Nc4 24. Bxc4 Bxc4) 23. Rdd1 ({Better is} 23. Rd3 $11) 23... Nb6 $14 24. Ne4 Bxb3 25. axb3 Be7 26. Nd6 Reb8 27. Nc3 Kf8 28. Rhe1 f6 29. Nce4 {Pair of Knights!} Nc8 (29... a5 $142) 30. Nf5 $16 {0x0.002023191032dp-1022s more active pieces. The black rooks are badly placed.} g6 (30... Nb6 $16) 31. Nxe7 $18 Kxe7 32. f4 {[%cal Bf2f4,Bf4e5][%mdl 32] And now fxe5 would win.} Na7 (32... Nb6 $142 33. fxe5 f5) 33. fxe5 f5 (33... fxe5 {was called for.} 34. Nc5 Kf7 35. Rd7+ Kg8 36. Rxe5 Nc6) 34. Nf6 Rd8 {Prevents Rd7+.} 35. Nd5+ {Weighted Error Value: White=0.16 (very precise) /Black=0.24 (precise)} ({Not} 35. Nxh7 Rxd1+ 36. Rxd1 Nc6 $16) 1-0

[Event "15th Paleochora Open 2022"]
[Site "Paleochora"]
[Date "2022.07.23"]
[Round "8.1"]
[White "Stremavicius, Titas"]
[Black "Ali Marandi, Cemil Can"]
[Result "1/2-1/2"]
[ECO "D31"]
[WhiteElo "2532"]
[BlackElo "2561"]
[Annotator "TA"]
[PlyCount "24"]
[EventDate "2022.07.17"]
[EventType "swiss"]
[EventCountry "GRE"]
[SourceTitle "playchess.com"]
[Source "ChessBase"]
[SourceQuality "1"]
[TimeControl "40/5400+30:900+30"]

1. d4 d5 2. c4 e6 3. Nc3 h6 4. cxd5 exd5 5. Bf4 c6 6. e3 {D31: Queen's Gambit Declined: Semi-Slav without ...Nf6 (+ Marshall Gambit and Noteboom) and Exchange Variation lines without ...Nf6.} Bd6 7. Bxd6 Qxd6 8. Bd3 Ne7 9. Qc2 {[#]} Qf6 $146 ({Predecessor:} 9... g6 10. Nf3 Bf5 11. Bxf5 Nxf5 12. O-O O-O 13. e4 dxe4 14. Nxe4 Qf4 15. d5 Ne7 16. dxc6 Nbxc6 {½-½ (16) Tsolakidou,S (2379)-Ali Marandi,C (2542) Charlotte 2021}) 10. Nge2 Bf5 {The position is equal.} 11. Bxf5 Qxf5 12. Qxf5 Nxf5 {An uneventful encounter.  Weighted Error Value: White=0.03 (flawless) /Black=0.04 (flawless)} 1/2-1/2

[Event "15th Paleochora Open 2022"]
[Site "Paleochora"]
[Date "2022.07.23"]
[Round "8.2"]
[White "Meshkovs, Nikita"]
[Black "Hamitevici, Vladimir"]
[Result "1/2-1/2"]
[ECO "D15"]
[WhiteElo "2535"]
[BlackElo "2473"]
[Annotator "TA"]
[PlyCount "181"]
[EventDate "2022.07.17"]
[EventType "swiss"]
[EventCountry "GRE"]
[SourceTitle "playchess.com"]
[Source "ChessBase"]
[SourceQuality "1"]
[TimeControl "40/5400+30:900+30"]

1. c4 c6 2. Nf3 d5 3. d4 Nf6 4. Nc3 a6 5. c5 g6 6. Bf4 Bg7 7. e3 O-O 8. h3 Nbd7 9. Bd3 b6 10. cxb6 Qxb6 11. O-O Qxb2 12. Na4 Qa3 13. Rc1 a5 14. Rc3 Qb4 15. Qc2 e5 16. Bxe5 Ne4 17. Bxg7 Nxc3 18. Bxf8 Qxa4 19. Qxc3 Kxf8 20. e4 Kg7 21. Rb1 Rb8 22. Rxb8 Nxb8 23. exd5 Qb4 24. Qxb4 axb4 25. Bc4 Kf6 26. Kf1 cxd5 27. Bxd5 Be6 28. Bxe6 Kxe6 29. Ke2 Kd5 30. Kd3 Nc6 31. Ng5 Nxd4 32. Nxh7 b3 33. axb3 Nxb3 34. Ng5 Nc5+ 35. Ke3 f6 36. Nf3 Ne6 37. h4 Kd6 38. g4 Ke7 39. Nd4 Nc5 40. Ne2 Kf7 41. Nf4 g5 42. hxg5 (42. Ng2 $16) 42... fxg5 $11 43. Nd3 Nb3 44. Ne5+ (44. f3 $5 ) 44... Ke6 45. Nf3 Kf6 46. Nd2 Na5 47. Ne4+ Kg6 48. Kd4 Nc6+ 49. Kd5 Nb4+ 50. Ke6 Nd3 51. f3 Nf4+ 52. Kd6 Nd3 53. Ke7 Ne1 54. Nd2 Kg7 55. Ke6 Kg6 56. Ke5 Nd3+ 57. Ke4 (57. Kd4 $5 Ne1 58. Ke3 $16) 57... Nc5+ 58. Kd4 Ne6+ 59. Ke5 Nf4 60. Nc4 Ne2 61. Ne3 Ng1 62. Ke4 Kf6 63. Nd5+ Ke6 64. Nc3 Nh3 65. Kd4 Kf6 66. Kd5 Nf4+ 67. Kd6 Nd3 68. Ne4+ Kg6 69. Kd5 Ne1 70. Nd2 Kf6 71. Ke4 Ng2 72. Nb3 Nf4 73. Nc5 Ne2 74. Kd5 Nc3+ 75. Kc4 Ne2 76. Kd3 $1 Nf4+ 77. Kd4 Ne2+ 78. Ke3 Nf4 79. Ne4+ Kg6 80. Kd4 Ne2+ 81. Ke5 Nf4 82. Nc5 Ne2 83. Nb3 Nf4 84. Nc1 Nh3 $2 (84... Ng2 $11) 85. Ne2 $2 (85. Nd3 $18 {And now Ke6 would win.} Ng1 86. Ne1) 85... Nf2 $11 86. Nc1 $2 (86. Nd4 $11) 86... Nh3 $1 $18 87. Nb3 $2 ({White must play} 87. Nd3 $18 {Strongly threatening Ke6.} Ng1 88. Ne1) 87... Nf4 $11 88. Nc5 Ne2 89. Nd3 Ng1 $2 {[%mdl 8192] [#]} (89... Kg7 $11) 90. Ke4 $2 (90. Ke6 $1 $18 {Black must now prevent Ne5+.} Nxf3 91. Kd5) 90... Ne2 $11 91. f4 1/2-1/2

[Event "15th Paleochora Open 2022"]
[Site "Paleochora"]
[Date "2022.07.23"]
[Round "8.3"]
[White "Kelires, Andreas"]
[Black "Kourkoulos-Arditis, Stamatis"]
[Result "1-0"]
[ECO "E71"]
[WhiteElo "2528"]
[BlackElo "2535"]
[Annotator "TA"]
[PlyCount "131"]
[EventDate "2022.07.17"]
[EventType "swiss"]
[EventCountry "GRE"]
[SourceTitle "playchess.com"]
[Source "ChessBase"]
[SourceQuality "1"]
[TimeControl "40/5400+30:900+30"]

1. d4 Nf6 2. c4 g6 3. Nc3 Bg7 4. e4 d6 5. h3 O-O 6. Be3 Na6 7. g4 {E71: King's Indian: 4 e4 d6 5 h3.} c6 8. Nge2 e5 9. d5 {White is slightly better.} Nc5 ({Black should try} 9... cxd5 $11 10. cxd5 Nc5) 10. Ng3 $14 a5 11. Be2 a4 12. Qd2 Qa5 13. f3 cxd5 14. cxd5 Bd7 {[#] Against Nb5} 15. Nb1 $146 ({Predecessor:} 15. Nd1 Rfc8 16. Nf2 Ne8 17. g5 Bf8 18. Ng4 Qxd2+ 19. Kxd2 Be7 20. Rac1 Bd8 21. Rxc5 Rxc5 22. Bxc5 Bxg4 {½-½ (48) Narayanan,S (2564)-Gajwa,A (2267) Ahmedabad 2017}) 15... Qa7 16. Na3 Rfc8 17. Kf1 Ne8 18. Kg2 {White is more active.} h5 $2 (18... Qa5 $14) 19. gxh5 $18 f5 20. exf5 gxf5 21. Bf2 f4 22. Ne4 Nxe4 23. fxe4 b6 24. Kh2 {aiming for Rag1.} Nf6 (24... Qa5 $142 25. Qd3 Qb4) 25. Qd3 Kf7 (25... Kh8 {might work better.} 26. Rhg1 Rg8) 26. Rhg1 (26. Nc4 Rxc4 27. Qxc4 b5 28. Bxa7 bxc4 $15) 26... Rh8 $2 (26... Qa5 27. Qf3 (27. Nc4 Rxc4 28. Qxc4 Rc8 $18) 27... Qd2) 27. Nc4 Bf8 28. Qf3 Be7 29. Rg5 (29. Nxb6 Rag8 30. b4 Be8 $18) (29. Bxb6 Qb7 $16) (29. Qg2 Rag8 30. Qh1 Nxh5 31. Rxg8 Kxg8 32. Rg1+ (32. Bxb6 $2 Qa6 $19) 32... Ng3 $17) 29... Rag8 30. Rag1 (30. Bxb6 Qb8 31. Rxg8 (31. Rag1 Rxg5 32. Rxg5 Bb5 $11) 31... Qxg8 $11) 30... Rxg5 (30... Qb8 $142 31. Rxg8 (31. Nxb6 Rxg5 32. Rxg5 Be8 $18) 31... Rxg8 32. Nxb6 (32. Bxb6 Rh8 $14) 32... Be8) 31. Rxg5 {Hoping for Qg2. Really sharp!} Qc7 32. Qg2 (32. Nxb6 Be8 $16) (32. Bxb6 $6 Qb8 $18) 32... b5 $2 (32... Kf8 33. Bxb6 Qb8) 33. Rg7+ Kf8 {[#]} 34. Qg6 Be8 {Prevents Rf7+.} 35. Qxf6+ Bxf6 36. Rxc7 bxc4 37. Rxc4 Rh7 38. Be1 (38. Rc8 Rb7 $16) 38... Rb7 {[#]} 39. Bb4 (39. Bc3 $1 $18 {is the precise move to win.}) 39... Kg7 $16 40. Ba3 (40. Bxd6 $2 Rxb2 41. Rc7+ Kh6 42. Bf8+ Kg5 $19) 40... Kh6 41. Rc2 ({Wrong is} 41. Bxd6 $2 Rxb2 42. Bf8+ Kg5 $19) 41... Bxh5 (41... Be7 $16 42. Rc8 Bd7) 42. Bxh5 $18 Kxh5 43. Bxd6 $16 {[%mdl 4096] Endgame KRB-KRB} f3 44. Bc5 Bh4 45. Bf2 (45. Kg1 $18) 45... Rb4 (45... Rg7 $1 $14 46. Bb6 Be1) 46. d6 Bxf2 47. Rxf2 {Rd2 is the strong threat.} Rxe4 $2 (47... Rd4 $16 {is a better defense.}) 48. Rxf3 {Threatens to win with Rd3. KR-KR} Rd4 {Inhibits Rd3.} 49. Rf5+ Kh4 $2 (49... Kg6 50. Rxe5 Rxd6) 50. Rxe5 $18 Rd2+ 51. Kg1 Kxh3 (51... a3 {was called for.}) 52. Re4 {White is clearly winning.} Kg3 (52... Rxd6 $142 53. Rxa4 Kg3) 53. Kf1 Rxd6 54. Rxa4 Rd2 55. Rb4 Kf3 56. Ke1 Rh2 57. Kd1 Ke3 58. Kc1 Kd3 59. Rb3+ Kc4 60. Rc3+ Kb4 61. a3+ Ka4 62. Kb1 Rh4 63. Ka2 Kb5 64. Rg3 Ka4 65. b3+ Kb5 66. Rg5+ {Weighted Error Value: White=0.30/Black=0.43} 1-0

[Event "15th Paleochora Open 2022"]
[Site "Paleochora"]
[Date "2022.07.23"]
[Round "8.4"]
[White "Maltsevskaya, Aleksandra"]
[Black "Yilmaz, Mustafa"]
[Result "0-1"]
[ECO "B51"]
[WhiteElo "2378"]
[BlackElo "2634"]
[Annotator "TA"]
[PlyCount "54"]
[EventDate "2022.07.17"]
[EventType "swiss"]
[EventCountry "GRE"]
[SourceTitle "playchess.com"]
[Source "ChessBase"]
[SourceQuality "1"]
[TimeControl "40/5400+30:900+30"]

1. e4 c5 2. Nf3 d6 3. Bb5+ Nc6 4. O-O Bd7 5. Re1 Nf6 6. c3 a6 7. Bf1 Bg4 8. d4 cxd4 9. cxd4 e5 {B51: Sicilian: Moscow Variation (3 Bb5+) without 3...Bd7.} 10. d5 Nd4 11. Be3 Nxf3+ {White is slightly better.} 12. gxf3 Bc8 {[#]} 13. Kh1 $146 ({Predecessor:} 13. Na3 Be7 14. Nc4 Nd7 15. Qd2 O-O 16. f4 b5 17. Na5 exf4 18. Bxf4 Ne5 19. Bg2 {1-0 (36) Lu,S (2599)-Moiseenko,A (2692) Baku 2015}) 13... Be7 14. Nd2 O-O 15. Nc4 Nd7 16. a4 f5 17. f4 ({Better is} 17. exf5 $1 Rxf5 18. Bh3) 17... exf4 (17... fxe4 {is more complex.} 18. fxe5 Nxe5 19. Bb6 Qd7) 18. Bxf4 fxe4 19. Bxd6 Bxd6 20. Nxd6 Ne5 21. Nxc8 {[#]} (21. Nxe4 $15 Qh4 22. Ra3) 21... Qh4 $1 $17 22. Ne7+ {[#]} (22. d6 $2 Nf3 23. Qb3+ Kh8 24. Qxf3 exf3 $19) (22. f3 $17 {is a better defense.} Nxf3 23. Ne7+ Qxe7 24. Re2) 22... Kh8 $1 $19 23. h3 $2 (23. f3 Nxf3 24. Re2) 23... Rxf2 ({Inferior is} 23... Qxe7 24. Rxe4 Qd6 25. Bg2 $11 (25. f4 Ng6 $15)) (23... Nf3 24. Re3 Qxf2 25. Rxf3 exf3 26. Qd3 $17) 24. Re2 Nd3 {( -> ...Qg3)} ({Not} 24... Rxe2 25. Qxe2 Rf8 26. d6 $11) 25. Nf5 {Against Qg3} Rxf5 26. Kg1 Nf2 27. Qd4 Rg5+ {Weighted Error Value: White=0.96/Black=0.03 (flawless)} 0-1

[Event "15th Paleochora Open 2022"]
[Site "Paleochora"]
[Date "2022.07.23"]
[Round "8.5"]
[White "Banikas, Hristos"]
[Black "Kalogeris, Ioannis"]
[Result "1-0"]
[ECO "D53"]
[WhiteElo "2598"]
[BlackElo "2406"]
[Annotator "TA"]
[PlyCount "71"]
[EventDate "2022.07.17"]
[EventType "swiss"]
[EventCountry "GRE"]
[SourceTitle "playchess.com"]
[Source "ChessBase"]
[SourceQuality "1"]
[TimeControl "40/5400+30:900+30"]

1. c4 c6 2. d4 d5 3. Nf3 Nf6 4. Qc2 e6 5. Bg5 Be7 6. e3 Nbd7 7. Nc3 a6 8. a3 {D53: Queen's Gambit Declined: 4 Bg5 Be7: Early deviations.} dxc4 9. Bxc4 b5 10. Ba2 {White is slightly better.} Bb7 11. Rd1 {[#]} Qb6 $146 ({Predecessor:} 11... Rc8 12. Bxf6 Nxf6 13. O-O Nd5 14. Ne4 Qc7 15. Ne5 O-O 16. Bb1 g6 17. h4 Nf6 18. Ba2 a5 19. Ng5 Nd5 {½-½ (19) Leuthner,G (1712)-Weiss,R (1602) Feffernitz 1998}) 12. O-O c5 13. d5 c4 14. dxe6 Qxe6 (14... fxe6 $11 {keeps the balance.} 15. b3 Qc5 16. Bxf6 Nxf6) 15. Nd4 $1 $16 Qg4 16. f4 {h3 is the strong threat.} Nc5 (16... O-O $16) 17. h3 $1 $18 ({Don't play} 17. Nf5 Nd3 18. Nxe7 (18. Nxg7+ Kf8 $14) 18... Kxe7 $16) 17... Qc8 (17... Qg3 $2 18. Nf5 Qxg2+ 19. Qxg2 $18) 18. Nf5 Nd3 19. Nxg7+ (19. Rxd3 $18 {has better winning chances.} cxd3 20. Qxd3) 19... Kf8 $16 20. Bh6 (20. Rxd3 $14 cxd3 21. Qb3 $1) 20... Rg8 $1 $132 {[%mdl 2048] Black has counterplay} 21. Ne6+ Ke8 22. Ng5 {aiming for b3.} Rg6 (22... Nc5 $1 $11) 23. Rxd3 $16 Rxh6 24. Rd4 {White is more active.} (24. Rd2 $16) 24... Bc5 $11 25. Nce4 Nxe4 26. Rxe4+ Bxe4 27. Qxe4+ Kf8 28. Qe5 Qc6 {Strongly threatening ...Re8.} (28... Kg8 $5 ) 29. Bb1 Re8 30. Qf5 (30. Qh8+ $11 Ke7 31. Qe5+ Kf8 32. Qh8+ Ke7 33. Qe5+ Kf8) 30... Bxe3+ $17 31. Kh2 f6 ({Better is} 31... Re7 $17 {And now ...Rg6 would win.} 32. Re1 Qc5 33. Nxh7+ Rxh7 $1 34. Qxc5 Bxc5 35. Rxe7 Kxe7 36. Bxh7 Bd4) 32. Rd1 Kg8 (32... Qc8 $15 {stays ahead.} 33. Nxh7+ Ke7 34. Qxc8 (34. Qe4+ Kf7 $17) 34... Bxf4+ 35. g3 Bxg3+ 36. Kxg3 Rxc8) 33. Be4 $1 $16 {The board is on fire.} Qc7 {[#]} (33... Qc8 $16 34. Qd5+ Kh8 35. Nf7+ Kg7) 34. Ne6 ({Not} 34. Bd5+ Kg7 35. Ne6+ Rxe6 36. Qxe6 Qxf4+ 37. Kh1 Rg6 $14) (34. g3 $1 $18 {White threatens Rd7 and mate.} fxg5 35. Rd7 Qxd7 36. Qxd7 Rxe4 37. Qc8+ Kg7 38. Qb7+ Kf8 39. Qxe4 gxf4 40. gxf4) 34... Bxf4+ $2 35. Nxf4 $18 Re5 $2 (35... Qe5) 36. Qg4+ {Weighted Error Value: White=0.30/Black=0.53} 1-0

[Event "15th Paleochora Open 2022"]
[Site "Paleochora"]
[Date "2022.07.23"]
[Round "8.6"]
[White "David, Alberto"]
[Black "Barp, Alberto"]
[Result "1/2-1/2"]
[ECO "E48"]
[WhiteElo "2534"]
[BlackElo "2423"]
[Annotator "TA"]
[PlyCount "84"]
[EventDate "2022.07.17"]
[EventType "swiss"]
[EventCountry "GRE"]
[SourceTitle "playchess.com"]
[Source "ChessBase"]
[SourceQuality "1"]
[TimeControl "40/5400+30:900+30"]

1. d4 Nf6 2. c4 e6 3. Nc3 Bb4 4. e3 O-O 5. Bd3 d5 6. cxd5 exd5 7. a3 {E48: Nimzo-Indian: Rubinstein: 5 Bd3 d5 including 6 Ne2, but excluding 6 a3.} Bd6 8. Qc2 Na6 9. Nge2 c5 {[#]} 10. f3 $146 ({Predecessor:} 10. Bxa6 bxa6 11. dxc5 Bxc5 12. b4 Bd6 13. Bb2 a5 14. b5 a6 15. h3 Bd7 16. bxa6 Rxa6 {0-1 (26) Ding,L (2806)-Radjabov,T (2753) Madrid 2022}) 10... g6 {next ...c4 is good for Black.} 11. Qd2 Nc7 12. dxc5 Bxc5 13. b4 Bd6 14. Bb2 Qe7 15. O-O Bd7 16. Nd4 Rfe8 ({Much less strong is} 16... Qe5 17. f4 Qe7 18. Ndb5 $14) 17. Rfe1 Rad8 ({Less strong is} 17... Qe5 18. f4 Qh5 19. Ncb5 Nxb5 20. Nxb5 Bxb5 21. Bxb5 $16 (21. Bxf6 Bxd3 22. Qxd3 Re6 $14)) 18. Rac1 {White is more active.} a6 (18... Qe5 $2 19. f4 Qh5 20. Ncb5 Nxb5 21. Nxb5 $16) 19. Qf2 (19. f4 $5 ) 19... Be5 20. Nce2 Nb5 (20... Bb5 $5 21. Nf4 Bc4 $11) 21. Nf4 Qd6 {[#] White must now prevent ...Nxd4.} 22. Bxb5 Bxb5 23. Nxb5 axb5 24. Bxe5 Rxe5 25. Ne2 Qa6 26. Nd4 Qxa3 27. Qd2 {[#] Ra1 is the strong threat.} Qa6 28. Ra1 Qd6 29. Nxb5 Qb6 30. Qd4 Re6 31. Qd3 Rc6 32. Nd4 Rc4 33. b5 Rdc8 34. Qa3 Re8 35. Kh1 Nd7 36. Rad1 Nf8 (36... Qc5 $17 37. Qa2 Nb6) 37. Qd3 Rc5 38. Ne2 {The position is equal.} Rxb5 39. Nc3 Rb3 {And now ...Qc6 would win.} 40. Qd2 Rb2 41. Qd3 Rb3 {Threatens to win with ...Qc6.} 42. Qd2 Rb2 {Weighted Error Value: White=0.09 (flawless) /Black=0.12 (very precise)} 1/2-1/2

[Event "15th Paleochora Open 2022"]
[Site "Paleochora"]
[Date "2022.07.23"]
[Round "8.7"]
[White "Khayrullin, Denis"]
[Black "Yilmazyerli, Mert"]
[Result "1/2-1/2"]
[ECO "B90"]
[WhiteElo "2361"]
[BlackElo "2520"]
[Annotator "TA"]
[PlyCount "52"]
[EventDate "2022.07.17"]
[EventType "swiss"]
[EventCountry "GRE"]
[SourceTitle "playchess.com"]
[Source "ChessBase"]
[SourceQuality "1"]
[TimeControl "40/5400+30:900+30"]

1. e4 c5 2. Nf3 d6 3. d4 cxd4 4. Nxd4 Nf6 5. Nc3 a6 6. f3 e5 7. Nb3 Be6 8. Be3 h5 9. Qd2 Nbd7 10. Nd5 {B90: Sicilian Najdorf: Unusual White 6th moves, 6 Be3 Ng4 and 6 Be3 e5.} Bxd5 11. exd5 g6 12. O-O-O {The position is equal.} Nb6 13. Kb1 Nbxd5 14. Bg5 {[#] And now Qxd5 would win.} Be7 $1 15. g3 {15.g3 has become a bit dusty these days.} (15. Bc4 $5 ) 15... Nb6 16. Bxf6 Bxf6 17. Qxd6 h4 {aiming for ...hxg3.} 18. g4 Qxd6 19. Rxd6 Bd8 20. Rd1 {[#]  Weighted Error Value: White=0.03 (flawless) /Black=0.02 (flawless)} {Predecessor:} O-O $146 21. Nc5 Rb8 22. Be2 Be7 23. Nd7 Nxd7 24. Rxd7 Bg5 25. Rhd1 Rbd8 26. c4 a5 {½-½ (38) Toman,A (2291)-Persson,C (2562) ICCF email 2015} 1/2-1/2

[Event "15th Paleochora Open 2022"]
[Site "Paleochora"]
[Date "2022.07.23"]
[Round "8.8"]
[White "Zwardon, Vojtech"]
[Black "Hristodoulou, Panagiotis"]
[Result "1-0"]
[ECO "D45"]
[WhiteElo "2503"]
[BlackElo "2330"]
[Annotator "TA"]
[PlyCount "85"]
[EventDate "2022.07.17"]
[EventType "swiss"]
[EventCountry "GRE"]
[SourceTitle "playchess.com"]
[Source "ChessBase"]
[SourceQuality "1"]
[TimeControl "40/5400+30:900+30"]

1. c4 e6 2. Nf3 d5 3. e3 Nf6 4. b3 c6 5. Bb2 Bd6 6. Be2 O-O 7. O-O Nbd7 8. Nc3 b6 9. d4 Bb7 10. Qc2 Qe7 11. Rfd1 Rfd8 {D45: Semi-Slav: 5 e3.} 12. Rac1 Rac8 13. Qb1 a6 {The position is equal.} 14. h3 h6 {[#]} 15. Qa1 $146 ({Predecessor:} 15. Nd2 c5 16. cxd5 exd5 17. Bf3 cxd4 18. exd4 Nf8 19. Na4 Rxc1 20. Rxc1 Ne6 21. Nf1 {½-½ (54) Gritsak,O (2549)-Dreev,A (2654) Legnica 2013}) 15... Bb8 16. a4 c5 17. cxd5 exd5 18. a5 b5 19. dxc5 Nxc5 20. Ba3 Bd6 (20... Nfe4 $5 ) 21. Nd4 Qe5 {( -> ...Qh2+)} 22. Bf3 {[#]} (22. Nf3 $11 Qe7 23. Nd4) 22... Qh2+ $1 $17 (22... b4 23. Bxb4 Qh2+ 24. Kf1 $11) 23. Kf1 Be5 24. Bxc5 Rxc5 25. Nce2 Rxc1 26. Rxc1 {[#]} (26. Qxc1 $17 Rc8 27. Qd2) 26... Ne4 $1 $19 27. Qb2 {Prevents Nd2+.} b4 {Hoping for ...Rd6.} 28. Ng1 (28. Qc2 $17 {might work better.}) 28... Nc3 29. Be2 Bf6 30. Bd3 Re8 31. Qd2 Bc8 ({Better is} 31... g6 32. f4 Qh1) 32. Nc2 ({White should play} 32. Nde2) 32... Qd6 (32... g6 $142 33. f3 (33. Nxb4 $2 d4 $19) 33... Bg5) 33. Nf3 $17 Qc5 (33... Bb7 $17) 34. Nfd4 {[%cal Oc2b4] aiming for Nxb4!} (34. Nxb4 $5 Qxb4 35. Nd4 $11) 34... Bd7 {[#]} (34... Qxa5 $11 {remains equal.} 35. Nxb4 Ne4 36. Bxe4 dxe4) 35. Nxb4 $1 $16 Bxd4 36. exd4 Qxb4 37. Qxc3 Qb8 38. Kg1 {Against Qh2+} ({Reject} 38. Bxa6 $6 Qh2 39. f3 Bxh3 40. gxh3 Qh1+ 41. Kf2 Qh2+ 42. Kf1 Qh1+ 43. Kf2 Qh2+ 44. Kf1 $11) 38... Qf4 $2 {[%mdl 8192] A mistake that costs the game.} (38... Bb5 $16 {is a better chance.} 39. g3 g6) 39. Bxa6 $18 {[%cal Bd3a6,Ba6b7,Bb7d5][%mdl 32] White is clearly winning.} Re6 40. Bb7 Re2 41. Rf1 Ra2 42. Bxd5 {Strongly threatening b4.} Qg5 43. Qf3 {Weighted Error Value: White=0.16 (very precise) /Black=0.45} 1-0